[ AOE2 MATCH · #506426539 ]
UnrankedChinese vs Dravidians
Player's team · LOSS
[ REPLAY ANALYSIS · EXTRACTED FROM THE RECORDED GAME ]
Feudal
8:54
Castle
25:45
Imperial
—
| APM avg | 68.4 |
| APM peak | 115 |
| eAPM avg | 35.1 |
| Villagers / military | 70 / 48 |
Focus
⚔️ 51.1% · 🌾 48.9%
Skirmisher ×30 · Scout Cavalry ×7 · Archer ×4 · Knight ×4 · Iron Pagoda ×2 · Spearman ×1
Feudal
10:15
Castle
24:36
Imperial
—
| APM avg | 43.9 |
| APM peak | 74 |
| eAPM avg | 16.2 |
| Villagers / military | 39 / 61 |
Focus
⚔️ 36.1% · 🌾 63.9%
Skirmisher ×35 · Spearman ×8 · Elephant Archer ×6 · Militia ×5 · Mangonel ×3 · Battle Elephant ×2
Match map
Initial resources + every placement click. Lines = walls · curves = elevation contours. ◆ gold · ⬟ stone · ● berries · ✦ relic · ◌ wall gap
Your base· ✓ Closed at 25:45 · 45t walls · 3 gate(s)
shoggi1234's base· Open — unwalled flank
Smoothed initial terrain · ◌ = detected wall gap · hover for details
Inputs per minute
— Brauer - - shoggi1234
Build order — Brauer
First 150 of 226 actions detected
| 0:00 | Research | Loom |
| 0:40 | Queue | Villager (Male) |
| 1:07 | Queue | Villager (Male) |
| 1:32 | Queue | Villager (Male) |
| 1:49 | Build | Lumber Camp |
| 1:57 | Queue | Villager (Male) |
| 2:19 | Queue | Villager (Male) |
| 2:46 | Queue | Villager (Male) |
| 3:09 | Queue | Villager (Male) |
| 3:33 | Queue | Villager (Male) |
| 3:42 | Build | House |
| 3:58 | Queue | Villager (Male) |
| 4:10 | Build | Mill |
| 4:14 | Queue | Villager (Male) |
| 4:50 | Queue | Villager (Male) |
| 5:07 | Build | House |
| 5:12 | Queue | Villager (Male) |
| 5:39 | Queue | Villager (Male) |
| 6:13 | Queue | Villager (Male) |
| 6:24 | Build | Mill |
| 6:44 | Research | Feudal Age |
| 7:35 | Queue | Villager (Male) |
| 7:45 | Build | Palisade Wall |
| 7:47 | Build | Palisade Wall |
| 7:49 | Build | Palisade Wall |
| 7:54 | Build | Palisade Wall |
| 7:56 | Build | Palisade Wall |
| 8:00 | Build | Palisade Wall |
| 8:08 | Build | Palisade Wall |
| 8:11 | Build | Palisade Wall |
| 8:13 | Build | Palisade Wall |
| 8:15 | Build | Palisade Wall |
| 8:16 | Build | Palisade Wall |
| 8:18 | Build | Palisade Wall |
| 8:19 | Build | Palisade Wall |
| 8:22 | Build | Palisade Wall |
| 8:37 | Build | Barracks |
| 8:54 | Age | Feudal Age |
| 9:05 | Research | Double-Bit Axe |
| 9:17 | Queue | Villager (Male) |
| 9:28 | Queue | Villager (Male) |
| 9:31 | Build | House |
| 9:37 | Queue | Villager (Male) |
| 9:47 | Queue | Villager (Male) |
| 9:51 | Build | Archery Range |
| 10:06 | Queue | Villager (Male) |
| 10:13 | Queue | Spearman |
| 10:20 | Build | Mining Camp |
| 10:28 | Queue | Villager (Male) |
| 10:43 | Queue | Archer |
| 10:51 | Build | Palisade Gate |
| 11:12 | Queue | Villager (Male) |
| 11:17 | Queue | Skirmisher |
| 11:18 | Queue | Villager (Male) |
| 11:30 | Build | Farm |
| 11:37 | Queue | Villager (Male) |
| 11:41 | Queue | Skirmisher |
| 11:53 | Build | Farm |
| 11:56 | Build | Lumber Camp |
| 12:06 | Queue | Villager (Male) |
| 12:12 | Queue | Skirmisher |
| 12:18 | Research | Town Watch |
| 12:33 | Build | House |
| 12:41 | Queue | Skirmisher |
| 12:56 | Queue | Villager (Male) |
| 13:02 | Build | House |
| 13:03 | Build | House |
| 13:10 | Queue | Skirmisher |
| 13:34 | Queue | Villager (Male) |
| 13:36 | Build | Farm |
| 14:04 | Queue | Skirmisher |
| 14:04 | Queue | Villager (Male) |
| 14:09 | Queue | Villager (Male) |
| 14:12 | Build | Farm |
| 14:13 | Queue | Villager (Male) |
| 14:15 | Build | Farm |
| 14:22 | Build | House |
| 14:23 | Build | House |
| 14:24 | Build | House |
| 14:28 | Build | Farm |
| 14:30 | Build | Farm |
| 14:31 | Build | Farm |
| 14:31 | Research | Horse Collar |
| 14:40 | Build | Blacksmith |
| 14:43 | Queue | Villager (Male) |
| 14:46 | Build | Palisade Wall |
| 14:46 | Build | Palisade Wall |
| 14:50 | Queue | Skirmisher |
| 15:04 | Queue | Villager (Male) |
| 15:07 | Build | House |
| 15:11 | Build | Palisade Wall |
| 15:14 | Queue | Villager (Male) |
| 15:22 | Queue | Villager (Male) |
| 15:27 | Queue | Villager (Male) |
| 15:30 | Queue | Skirmisher |
| 15:33 | Queue | Villager (Male) |
| 15:36 | Build | Farm |
| 15:37 | Build | Farm |
| 15:38 | Build | Farm |
| 15:44 | Build | Palisade Wall |
| 15:51 | Queue | Skirmisher |
| 15:55 | Queue | Villager (Male) |
| 16:02 | Build | Palisade Gate |
| 16:09 | Queue | Skirmisher |
| 16:22 | Build | Farm |
| 16:27 | Queue | Skirmisher |
| 16:29 | Build | Archery Range |
| 16:38 | Build | Lumber Camp |
| 16:45 | Research | Fletching |
| 16:47 | Queue | Villager (Male) |
| 16:54 | Build | Palisade Gate |
| 17:02 | Queue | Villager (Male) |
| 17:07 | Build | Farm |
| 17:07 | Build | Farm |
| 17:19 | Queue | Skirmisher |
| 17:19 | Queue | Villager (Male) |
| 17:23 | Build | Palisade Wall |
| 17:30 | Build | House |
| 17:36 | Queue | Villager (Male) |
| 17:51 | Queue | Skirmisher |
| 17:52 | Queue | Villager (Male) |
| 17:58 | Queue | Villager (Male) |
| 17:59 | Queue | Villager (Male) |
| 18:07 | Queue | Villager (Male) |
| 18:11 | Build | Palisade Wall |
| 18:29 | Queue | Skirmisher |
| 18:29 | Queue | Skirmisher |
| 18:43 | Queue | Villager (Male) |
| 18:48 | Build | Stable |
| 19:10 | Queue | Villager (Male) |
| 19:12 | Build | Farm |
| 19:17 | Build | House |
| 19:21 | Build | Farm |
| 19:28 | Build | Palisade Wall |
| 19:38 | Queue | Skirmisher |
| 19:38 | Queue | Villager (Male) |
| 19:43 | Build | Farm |
| 19:49 | Queue | Scout Cavalry |
| 19:49 | Queue | Scout Cavalry |
| 20:03 | Queue | Villager (Male) |
| 20:10 | Queue | Villager (Male) |
| 20:13 | Build | Farm |
| 20:14 | Build | Farm |
| 20:21 | Queue | Skirmisher |
| 20:23 | Queue | Scout Cavalry |
| 20:30 | Queue | Villager (Male) |
| 20:34 | Build | House |
| 20:35 | Queue | Scout Cavalry |
| 20:41 | Build | Farm |
| 20:43 | Build | Farm |
Build order — shoggi1234
130 actions detected in the replay
| 0:00 | Queue | Villager (Male) |
| 0:02 | Build | House |
| 0:02 | Build | House |
| 0:18 | Queue | Villager (Male) |
| 0:18 | Queue | Villager (Male) |
| 0:18 | Queue | Villager (Male) |
| 1:26 | Queue | Villager (Male) |
| 2:06 | Queue | Villager (Male) |
| 2:30 | Queue | Villager (Male) |
| 3:00 | Queue | Villager (Male) |
| 3:03 | Build | Barracks |
| 3:14 | Queue | Villager (Male) |
| 3:14 | Queue | Villager (Male) |
| 3:30 | Build | House |
| 3:49 | Queue | Villager (Male) |
| 4:06 | Queue | Villager (Male) |
| 4:32 | Queue | Villager (Male) |
| 4:51 | Build | House |
| 5:01 | Queue | Militia |
| 5:01 | Queue | Militia |
| 5:05 | Queue | Militia |
| 5:10 | Queue | Villager (Male) |
| 5:33 | Queue | Militia |
| 5:33 | Queue | Militia |
| 5:42 | Build | Lumber Camp |
| 5:48 | Queue | Villager (Male) |
| 6:02 | Queue | Villager (Male) |
| 6:25 | Queue | Villager (Male) |
| 7:05 | Build | House |
| 7:10 | Research | Loom |
| 7:34 | Build | Mill |
| 8:05 | Research | Feudal Age |
| 9:08 | Build | Lumber Camp |
| 9:31 | Build | Farm |
| 9:33 | Build | Farm |
| 9:58 | Build | Farm |
| 9:59 | Build | Farm |
| 9:59 | Build | Farm |
| 10:14 | Build | Mining Camp |
| 10:15 | Age | Feudal Age |
| 10:16 | Queue | Spearman |
| 10:20 | Queue | Villager (Male) |
| 10:21 | Queue | Villager (Male) |
| 10:34 | Build | Archery Range |
| 10:40 | Queue | Spearman |
| 10:54 | Research | Double-Bit Axe |
| 10:56 | Build | House |
| 10:58 | Build | House |
| 11:19 | Build | Farm |
| 11:20 | Build | Farm |
| 11:28 | Queue | Skirmisher |
| 11:46 | Queue | Spearman |
| 11:54 | Queue | Skirmisher |
| 12:15 | Queue | Villager (Male) |
| 12:29 | Build | Farm |
| 12:29 | Build | Farm |
| 13:03 | Build | Farm |
| 13:05 | Queue | Skirmisher |
| 13:05 | Queue | Villager (Male) |
| 13:06 | Build | House |
| 13:19 | Queue | Skirmisher ×5 |
| 13:44 | Research | Man-at-Arms (upgrade) |
| 13:46 | Build | Farm |
| 14:08 | Queue | Villager (Male) |
| 14:08 | Queue | Villager (Male) |
| 14:27 | Queue | Villager (Male) |
| 14:38 | Queue | Villager (Male) |
| 14:39 | Build | Archery Range |
| 14:52 | Queue | Villager (Male) |
| 15:16 | Queue | Spearman |
| 15:30 | Queue | Skirmisher |
| 15:30 | Queue | Villager (Male) |
| 15:45 | Queue | Skirmisher ×5 |
| 16:18 | Queue | Skirmisher ×4 |
| 16:29 | Queue | Villager (Male) |
| 16:40 | Build | House |
| 16:59 | Build | House |
| 17:00 | Build | House |
| 17:19 | Queue | Villager (Male) |
| 17:49 | Build | Blacksmith |
| 17:50 | Queue | Villager (Male) |
| 18:07 | Queue | Villager (Male) |
| 18:08 | Queue | Skirmisher ×4 |
| 18:29 | Queue | Villager (Male) |
| 19:02 | Build | Farm |
| 19:06 | Research | Padded Archer Armor |
| 19:26 | Build | Farm |
| 19:29 | Research | Fletching |
| 19:36 | Build | House |
| 19:38 | Queue | Skirmisher |
| 20:35 | Build | Farm |
| 20:59 | Build | Market |
| 21:08 | Queue | Skirmisher ×3 |
| 21:57 | Research | Castle Age |
| 21:59 | Queue | Spearman |
| 22:16 | Queue | Skirmisher ×2 |
| 22:47 | Queue | Skirmisher ×4 |
| 23:10 | Queue | Skirmisher ×3 |
| 23:59 | Build | House |
| 24:20 | Queue | Spearman |
| 24:21 | Queue | Spearman |
| 24:35 | Queue | Spearman |
| 24:36 | Age | Castle Age |
| 24:40 | Research | Elite Skirmisher (upgrade) |
| 24:46 | Build | Siege Workshop |
| 24:52 | Queue | Villager (Male) |
| 25:06 | Research | Bodkin Arrow |
| 25:21 | Queue | Villager (Male) |
| 25:32 | Queue | Mangonel |
| 25:34 | Build | Monastery |
| 25:49 | Queue | Elephant Archer |
| 26:13 | Build | Stable |
| 26:15 | Queue | Monk |
| 26:27 | Queue | Armored Elephant |
| 26:34 | Queue | Elephant Archer |
| 26:41 | Build | Farm |
| 26:46 | Queue | Elephant Archer |
| 26:59 | Build | House |
| 27:17 | Queue | Mangonel |
| 27:19 | Queue | Villager (Male) |
| 27:22 | Queue | Elephant Archer |
| 27:24 | Build | House |
| 28:01 | Queue | Mangonel |
| 28:03 | Queue | Villager (Male) |
| 28:03 | Queue | Villager (Male) |
| 28:06 | Queue | Elephant Archer |
| 29:33 | Queue | Villager (Male) |
| 29:41 | Queue | Battle Elephant ×2 |
| 29:54 | Queue | Elephant Archer |
| 29:59 | Queue | Villager (Male) |
Match timeline
| 3:03 | shoggi1234 · first_building Barracks |
| 7:45 | Brauer · wall_segment Palisade Wall x1 |
| 7:47 | Brauer · wall_segment Palisade Wall x1 |
| 7:49 | Brauer · wall_segment Palisade Wall x1 |
| 7:54 | Brauer · wall_segment Palisade Wall x1 |
| 7:56 | Brauer · wall_segment Palisade Wall x1 |
| 8:00 | Brauer · wall_segment Palisade Wall x1 |
| 8:08 | Brauer · wall_segment Palisade Wall x1 |
| 8:11 | Brauer · wall_segment Palisade Wall x1 |
| 8:13 | Brauer · wall_segment Palisade Wall x1 |
| 8:15 | Brauer · wall_segment Palisade Wall x1 |
| 8:16 | Brauer · wall_segment Palisade Wall x1 |
| 8:18 | Brauer · wall_segment Palisade Wall x1 |
| 8:19 | Brauer · wall_segment Palisade Wall x1 |
| 8:22 | Brauer · wall_segment Palisade Wall x1 |
| 8:37 | Brauer · first_building Barracks |
| 8:54 | Brauer · age_up feudal |
| 9:51 | Brauer · first_building Archery Range |
| 10:15 | shoggi1234 · age_up feudal |
| 10:34 | shoggi1234 · first_building Archery Range |
| 14:46 | Brauer · wall_segment Palisade Wall x1 |
| 14:46 | Brauer · wall_segment Palisade Wall x6 |
| 15:11 | Brauer · wall_segment Palisade Wall x1 |
| 15:44 | Brauer · wall_segment Palisade Wall x1 |
| 17:23 | Brauer · wall_segment Palisade Wall x9 |
| 18:11 | Brauer · wall_segment Palisade Wall x10 |
| 18:48 | Brauer · first_building Stable |
| 19:28 | Brauer · wall_segment Palisade Wall x1 |
| 22:49 | Brauer · first_market_sell 100 wood |
| 22:58 | Brauer · first_market_buy 100 food |
| 23:20 | Brauer · wall_segment Palisade Wall x1 |
| 24:36 | shoggi1234 · age_up castle |
| 24:46 | shoggi1234 · first_building Siege Workshop |
| 25:11 | Brauer · wall_segment Palisade Wall x1 |
| 25:34 | shoggi1234 · first_building Monastery |
| 25:45 | Brauer · age_up castle |
| 25:51 | Brauer · first_building Siege Workshop |
| 26:13 | shoggi1234 · first_building Stable |
| 27:20 | Brauer · wall_segment Stone Wall x1 |
| 27:22 | Brauer · wall_segment Stone Wall x1 |
| 30:02 | Brauer · resign |
[ AI ANALYSIS · 1 CREDIT ]
What really happened in this match?
Wolo.gg analyzes every decision: build order, eco, micro, common mistakes by bracket. Personalized analysis on WhatsApp or Discord in 30 seconds.
Civ guide
Chinese
Perfil
Jugador #1840848